 Dungeon Crawl Stone Soup version 0.10.4 character file.

188 MisterOstroum the Vexing (level 5, -5/35 HPs)
             Began as a Human Enchanter on Sept 29, 2019.
             Was an Initiate of Trog.
             Slain by Sigmund
             ... wielding a +2,+4 scythe of distortion
              (7 damage)
             ... on Level 4 of the Dungeon.
             The game lasted 00:21:26 (3261 turns).

MisterOstroum the Vexing (Human Enchanter)          Turns: 3261, Time: 00:21:26

HP  -5/35        AC  4     Str  8      XL: 5   Next:  0%
MP   8/8         EV 12     Int 16      God: Trog [......]
Gold 90          SH  0     Dex 13 (14) Spells:  2 memorised,  3 levels left

Res.Fire  : . . .   See Invis. : .   a - +2,+1 dagger {=f}
Res.Cold  : . . .   Warding    : . . d - +1 robe
Life Prot.: . . .   Conserve   : .   (no shield)
Res.Acid. : . . .   Res.Corr.  : .   (no helmet)
Res.Poison: .       Clarity    : .   n - +0 elf cloak
Res.Elec. : .       Spirit.Shd : .   (no gloves)
Sust.Abil.: . .     Stasis     : .   (no boots)
Res.Mut.  : .       Ctrl.Telep.: .   (no amulet)
Res.Rott. : .       Levitation : .   (no ring)
Saprovore : . . .   Ctrl.Flight: .   (no ring)

@: slightly resistant to hostile enchantments, stealthy
A: no striking features
a: Burn Spellbooks, Renounce Religion


You were on level 4 of the Dungeon.
You worshipped Trog.
Trog was noncommittal.
You were very hungry.

You visited 1 branch of the dungeon, and saw 4 of its levels.

You collected 70 gold pieces.

Inventory:

Hand weapons
 a - a +2,+1 dagger (weapon) {=f}
 h - a +1,+2 whip
 w - a +2,+1 elven dagger of returning (quivered)
 x - a +2,+0 orcish dagger
Missiles
 u - 21 poisoned +0 needles
 B - 41 +0 darts
Armour
 b - a +1 robe
 d - a +1 robe (worn)
 n - a +0 elven cloak (worn)
Magical devices
 C - a wand of draining (7) {unknown}
Comestibles
 f - 3 bread rations
 o - a pear
 s - a chunk of hobgoblin flesh
 t - 2 meat rations
Scrolls
 e - a scroll of enchant weapon I
 j - a scroll of random uselessness {unknown}
 m - a scroll of blinking {unknown}
 p - a scroll of identify {unknown}
 q - a scroll of remove curse {unknown}
Potions
 g - 2 potions of slowing {unknown}
 i - 2 potions of might
 k - a potion of curing
 l - 2 potions of invisibility {unknown}
 r - a potion of poison {unknown}
 v - a potion of brilliance {unknown}
 A - a potion of berserk rage {unknown}
Books
 c - a book of Maledictions

   Spells                             Type                      Level
   *Corona                            Hexes                        1
   Sure Blade                         Hexes/Charms                 2
   *Ensorcelled Hibernation           Hexes/Ice                    2
   Confuse                            Hexes                        3
   Enslavement                        Hexes                        4
   Invisibility                       Hexes                        6
   Trog disapproves of the use of such an item.
 y - a Necronomicon {highlevel}

   This book is beyond your current level of understanding.

   Spells                             Type                      Level
   Borgnjor's Revivification          Necromancy                   7
   Haunt                              Necromancy/Summoning         7
   Death's Door                       Charms/Necromancy            8
   Necromutation                      Transmutation/Necromancy     8
   Trog disapproves of the use of such an item.


   Skills:
 - Level 2.0 Short Blades
 - Level 1.5 Throwing
 - Level 2.0 Dodging
 - Level 3.8 Stealth
 - Level 2.6 Stabbing
 - Level 1.3 Spellcasting
 - Level 4.0 Hexes
 - Level 0.3 Ice Magic


You had 3 spell levels left.
You knew the following spells:

 Your Spells              Type           Power        Failure   Level  Hunger
a - Corona                Hex            ###.....     6%          1    Strawberry
b - Ensorcelled Hibernat  Ice/Hex        ##.....      17%         2    Choko

Dungeon Overview and Level Annotations

Branches:
Dungeon (4/27)
 Temple: D:4-7

Altars:
Sif Muna
The Shining One
Trog

Annotations
D:2 Jessica
D:4 Kenran's ghost, average MiDK; Menkaure; Sigmund


Message History

Aiming: Ensorcelled Hibernation
Press: ? - help, Shift-Dir - straight line, f - Kenran's ghost
Aim: Kenran's ghost Kenran's ghost is unaffected.
Casting: Ensorcelled Hibernation
Confirm with . or Enter, or press ? or * to list all spells.
Okay, then.
You are feeling very hungry.
There is a stone staircase leading up here.
You climb upwards.
There is a stone staircase leading down here.
Magic restored.
There is an escape hatch in the floor here.
You slide downwards.
The hatch slams shut behind you.
Level annotation: Kenran's ghost, average MiDK An orc comes into view.
It is wielding an orcish dagger.
Found 11 poisoned needles.
Found a stone staircase leading up.
A black bear comes into view.
Found a bloodstained altar of Trog.
The helpless orc fails to defend itself.
You slash the orc!
You kill the orc!
You have reached level 5!
You feel agile.
Found a scroll labeled STOVEU MUYBRUE.
Unknown command.
A jackal comes into view.
Kenran's ghost says, "Try not to bleed too much."
A dart shoots out and hits you!
Found 6 gold pieces.
There is a dart trap here.
You see here a dart.
Menkaure comes into view.
Found 4 gold pieces.
Really walk into that dart trap?
You avoid triggering a dart trap.
There is a dart trap here.
You see here a dart.
Press: ? - help, v - describe, . - travel A floor.
Unknown command.
Press: ? - help, v - describe, . - travel
Here: Kenran's ghost A floor.
Unknown command.
Throwing (i - inventory. (,) - cycle):
z - a +1 dart (quivered)
Press: ? - help, Shift-Dir - straight line, f - Kenran's ghost
Aim: Kenran's ghost You throw a +1 dart.
The +1 dart hits Kenran's ghost.
You hit Kenran's ghost but do no damage.
Kenran's ghost flies safely over a trap.
You hit Kenran's ghost but do no damage.
Kenran's ghost hits you.
You hit Kenran's ghost but do no damage.
Kenran's ghost hits you!
You hit Kenran's ghost but do no damage.
Kenran's ghost hits you but does no damage.
You barely miss Kenran's ghost. Kenran's ghost hits you.
There is a stone staircase leading up here.
You climb upwards.
There is a stone staircase leading down here.
The angel shouts!
There is an escape hatch in the floor here.
You slide downwards.
The hatch slams shut behind you.
Level annotation: Kenran's ghost, average MiDK; Menkaure A black bear comes into view.
The black bear growls angrily.
The jackal barks!
The black bear bites you but does no damage.
The black bear misses you. The black bear claws you.
A dart hits the jackal!
The jackal dies!
The black bear bites you. The black bear misses you.
The black bear claws you but does no damage.
There is a bloodstained altar of Trog here.
You can't go down here!
You kneel at the altar of Trog.
Trog welcomes you!
You can now call upon Trog to burn spellbooks in your surroundings.
The black bear bites you but does no damage.
The black bear claws you. The black bear bites you. The black bear misses you.
The black bear closely misses you.
Found a leather armour.
Found a stone staircase leading down.
Sigmund comes into view.
He is wielding a glowing scythe.
Sigmund shouts!
The black bear bites you. The black bear misses you.
The black bear claws you but does no damage.
You see here a leather armour.
The black bear bites you but does no damage.
The black bear barely misses you.
The black bear claws you but does no damage.
The black bear bites you. The black bear claws you.
* * * LOW HITPOINT WARNING * * *
The black bear claws you but does no damage.
The black bear bites you.
* * * LOW HITPOINT WARNING * * *
The black bear claws you.
* * * LOW HITPOINT WARNING * * *
The black bear barely misses you.
Sigmund hits you from afar with a glowing scythe!
You die...

. ...### ......###
##.......# '..........#
#. #.......#
#.##.......##
####...........# ..@
....#...#...@...# ...
..........@UU...#
##.##...#...##......#
.............[......#
......####.............
......####..........###
...........p........#
##.##.####..........#
##.##.....#.##......#


You could see Sigmund, 2 black bears and Kenran's ghost.

Vanquished Creatures
  4 adders
  A worm (D:3)
  A giant gecko (D:3)
  2 oozes
  2 orcs
  6 hobgoblins
  7 kobolds
  A ball python (D:1)
  11 bats
  5 giant cockroaches
  4 giant newts
  6 goblins
  9 rats
59 creatures vanquished.

Vanquished Creatures (others)
  A giant newt (D:3)
  A jackal (D:4)
  A toadstool (D:1)
3 creatures vanquished.

Grand Total: 62 creatures vanquished

Notes
Turn   | Place    | Note
--------------------------------------------------------------
     0 | D:1      | MisterOstroum, the Human Enchanter, began the quest for the Orb.
     0 | D:1      | Reached XP level 1. HP: 13/13 MP: 3/3
   130 | D:1      | Reached XP level 2. HP: 14/19 MP: 4/4
   157 | D:1      | Learned a level 2 spell: Ensorcelled Hibernation
   955 | D:2      | Reached XP level 3. HP: 24/24 MP: 5/5
  1292 | D:2      | Noticed Jessica
  1984 | D:3      | Reached XP level 4. HP: 22/30 MP: 1/7
  2225 | D:3      | Found a deep blue altar of Sif Muna.
  2551 | D:3      | Found a glowing golden altar of the Shining One.
  3065 | D:4      | Reached skill level 4 in Hexes
  3104 | D:4      | Noticed Kenran's ghost (average MiDK)
  3164 | D:4      | Found a bloodstained altar of Trog.
  3165 | D:4      | Reached XP level 5. HP: 35/35 MP: 8/8
  3171 | D:4      | Noticed Menkaure
  3249 | D:4      | Became a worshipper of Trog the Wrathful
  3253 | D:4      | Noticed Sigmund
  3261 | D:4      | Slain by Sigmund
